 Dungeon Crawl Stone Soup version 0.31-a0-801-gc67433417a (webtiles) character file.

Game seed: 13240403828346336399

175 GordonOverkill the Sneak (level 5, -3/31 HPs)
             Began as a Deep Elf Delver on Sept 20, 2023.
             Was a Believer of Vehumet.
             Slain by Pikel
             ... wielding a +1 whip of electrocution
              (18 damage)
             ... on level 4 of the Dungeon.
             The game lasted 00:06:26 (3300 turns).

GordonOverkill the Sneak (Deep Elf Delver)          Turns: 3300, Time: 00:06:27

Health: -3/31      AC:  4    Str:  9    XL:     5   Next: 29%
Magic:  0/10       EV: 13    Int: 15    God:    Vehumet [**....]
Gold:   350        SH:  0    Dex: 18    Spells: 7/8 levels left

rFire   . . .        t - +2 dagger (venom)
rCold   . . .        (no shield)
rNeg    . . .        H - +0 robe
rPois   .            p - +2 hat
rElec   .            (no cloak)
rCorr   .            (no gloves)
SInv    .            (no boots)
Will    .....        r - amulet of guardian spirit
Stlth   +++          z - +4 ring of slaying
HPRegen 0.25/turn    (no ring)
MPRegen 0.12/turn

%: guardian spirit
@: very slightly contaminated
A: no striking features
a: Renounce Religion


You were on level 4 of the Dungeon.
You worshipped Vehumet.
Vehumet was pleased with you.
You visited 2 branches of the dungeon, and saw 7 of its levels.

You collected 350 gold pieces.

Inventory:

Hand Weapons
 a - a +0 short sword
 i - a +0 sling of freezing
 l - the +5 whip "Tafech" {heavy, Dex+4}
   (You found it on level 4 of the Dungeon)

   Dex+4:     It affects your dexterity (+4).
 t - a +2 dagger of venom (weapon)
Armour
 f - the +0 pair of boots "Toguf" {*Slow Will++ Str+2 SInv}
   (You found it on level 3 of the Dungeon)

   Str+2:     It affects your strength (+2).
   Will++:    It greatly increases your willpower.
   SInv:      It lets you see invisible.
   *Slow:     It may slow you when you take damage.
 p - a +2 hat (worn)
 w - a +0 helmet
 H - a +0 robe (worn)
Jewellery
 r - an amulet of guardian spirit (around neck)
 z - a +4 ring of slaying (left hand)
 C - a ring of resist corrosion
Wands
 g - a wand of digging (3)
 k - a wand of charming (9)
 o - a wand of iceblast (5)
 y - a wand of light (9)
Scrolls
 c - a scroll of fog
 d - a scroll of revelation
 e - a scroll of fear
 n - a scroll of teleportation
 u - a scroll of noise
Potions
 j - 2 potions of magic
 m - a potion of curing
 q - a potion of attraction
 s - 2 potions of mutation
 v - a potion of enlightenment
 x - 2 potions of brilliance {unknown}
 A - a potion of heal wounds {unknown}
 F - a potion of haste
 G - a potion of might {unknown}


   Skills:
 - Level 2.5 Fighting
 - Level 3.0 Short Blades
 - Level 2.4 Maces & Flails
 - Level 1.0 Ranged Weapons
 - Level 2.4 Dodging
 - Level 6.0 Stealth
 + Level 2.3 Spellcasting
 + Level 1.8 Ice Magic


You had 7 spell levels left.
You knew the following spells:

 Your Spells              Type           Power      Damage    Failure   Level
a - Freeze                Ice            28%        1d5       10%         1

Your spell library contained the following spells:

 Spells                   Type           Power      Damage    Failure   Level
 Shock                    Conj/Air       4%         1d3       22%         1


Dungeon Overview and Level Annotations

Branches:
Dungeon (6/15)             Temple (1/1) D:4

Altars:
Ashenzari
Dithmenos
Elyvilon
Fedhas
Gozag
Kikubaaqudgha
Makhleb
Nemelex Xobeh
Qazlal
Trog
Uskayaw
Vehumet
Xom
Yredelemnul
Zin

Shops:
D:4 *

Annotations:
D:4 Pikel


Message History

Casting: Freeze (safe; 10% risk of failure)
Confirm with . or Enter, or press ? or * to list all spells.
Aiming: Freeze (safe; 10% risk of failure)
Press: ? - help, Shift-Dir - straight line, f/p - Pikel
Aim: Pikel, wielding a +1 whip of electrocution and wearing a +0 robe (moderately wounded, blind)
You freeze Pikel.
Pikel is heavily wounded.
Pikel misses you.
Casting: Freeze (safe; 10% risk of failure)
Confirm with . or Enter, or press ? or * to list all spells.
Aiming: Freeze (safe; 10% risk of failure)
Press: ? - help, Shift-Dir - straight line, f/p - Pikel
Aim: Pikel, wielding a +1 whip of electrocution and wearing a +0 robe (heavily wounded, blind)
You miscast Freeze.
You are very lightly contaminated with residual magic.
Nothing appears to happen.
Pikel hits you with a +1 whip of electrocution.
You are electrocuted!
* * * LOW HITPOINT WARNING * * *
Casting: Freeze (safe; 10% risk of failure)
Confirm with . or Enter, or press ? or * to list all spells.
Aiming: Freeze (safe; 10% risk of failure)
Press: ? - help, Shift-Dir - straight line, f/p - Pikel
Aim: Pikel, wielding a +1 whip of electrocution and wearing a +0 robe (heavily wounded, blind)
You freeze Pikel.
Pikel is heavily wounded.
Pikel barely misses you.
Casting: Freeze (safe; 10% risk of failure)
Confirm with . or Enter, or press ? or * to list all spells.
Aiming: Freeze (safe; 10% risk of failure)
Press: ? - help, Shift-Dir - straight line, f/p - Pikel
Aim: Pikel, wielding a +1 whip of electrocution and wearing a +0 robe (heavily wounded, blind)
You freeze Pikel.
Pikel is heavily wounded.
Pikel hits you with a +1 whip of electrocution.
* * * LOW HITPOINT WARNING * * *
You are electrocuted!!
Ouch! That really hurt!
You die...
Pikel says, "See you in Hell!"

#....#..# #.............
#....#..# #.8.8.8.##..##
###########.##..# #..⌠.⌠........
##...............###.8.>.8..#.#.#
..............#.......⌠.⌠...#.#..
#..........5..######.8.8.8..#.#[#
#.[.........#...............#.#.#
#...........########...######.#.#
#...........555K@.............#..
#............#######..#.#.#######
#............#........#.#.##
#..........>.#.###.........#
.............#.............#
.............#####.........#
).............>............#
............##.............######
............########..#'#.#......


You could see Pikel (blind) and 3 lemures.

Vanquished Creatures
  7 adders
  A white imp (D:3)
  A worm (D:3)
  3 dart slugs
  7 orcs (D:3)
  4 ball pythons
  8 endoplasms
  4 giant cockroaches
  4 goblins
  8 hobgoblins
  7 jackals (D:1)
  7 kobolds
  5 quokkas
  5 bats
  6 frilled lizards
  6 rats
83 creatures vanquished.

Notes
Turn   | Place    | Note
-------+----------+-------------------------------------------
     0 | D:5      | GordonOverkill the Deep Elf Delver began the quest for the
                  | Orb.
     0 | D:5      | Reached XP level 1. HP: 13/13 MP: 3/3
     9 | D:6      | Noticed an orc wizard
     9 | D:6      | Noticed an orc priest
     9 | D:6      | Noticed an orc priest
    21 | D:5      | Found a hide-covered altar of Uskayaw.
   187 | D:4      | Reached skill level 1 in Ranged Weapons
   192 | D:4      | Noticed a lemure
   297 | D:4      | Found Xasul Taapt's Assorted Antiques.
   401 | D:4      | Identified the +5 whip "Tafech" {heavy, Dex+4}
   410 | D:4      | Found a staircase to the Ecumenical Temple.
   437 | Temple   | Entered the Ecumenical Temple
   447 | Temple   | Became a worshipper of Vehumet
   574 | D:3      | Reached XP level 2. HP: 18/18 MP: 4/4
   597 | D:3      | Reached skill level 1 in Maces & Flails
   758 | D:3      | Reached XP level 3. HP: 11/22 MP: 5/5
   860 | D:3      | Identified the +0 pair of boots "Toguf" {*Slow Will++ Str+2
                  | SInv}
  1089 | D:1      | Reached * piety under Vehumet
  1089 | D:1      | Offered knowledge of Freeze by Vehumet.
  1094 | D:1      | Reached XP level 4. HP: 27/27 MP: 6/6
  1101 | D:1      | Learned a level 1 spell: Freeze
  1969 | D:2      | Identified the +0 ring mail of Sin {rN+}
  2089 | D:2      | Reached skill level 1 in Spellcasting
  2117 | D:2      | Reached skill level 1 in Ice Magic
  2195 | D:2      | Reached XP level 5. HP: 31/31 MP: 9/9
  2250 | D:2      | Offered knowledge of Shock by Vehumet.
  2611 | D:3      | Found an opulent altar of Gozag.
  2831 | D:3      | Reached ** piety under Vehumet
  3267 | D:4      | Noticed a lemure
  3281 | D:5      | Noticed a centaur
  3286 | D:4      | Noticed Pikel
  3286 | D:4      | Noticed a lemure
  3300 | D:4      | Slain by Pikel

Illustrated notes

Levels and vault maps discovered:
D:1:      saegor_arrival_fortress, layout_basic, minmay_tromino_v2
D:2:      layout_loops_ring, chequers_jeans
D:3:      layout_loops_cross, amcnicky_altar_gilded, minmay_misc_feat_doors
D:4:      layout_basic, old_standard_altar,
          minmay_temple_entry_statues_fountains, serial_shops,
          nicolae_shop_overgrown_old_shop, sigmund_army, uniq_pikel
D:5:      nicolae_cairo_tiling_large_dashed, layout_rooms,
          nicolae_uskayaw_murder_on_the_dancefloor
D:6:      layout_basic
Temple:   nicolae_temple_god_jail

Skill      XL: |  1  2  3  4  5 |
---------------+----------------+-----
Ranged Weapons | 1 |  1.0
Maces & Flails | 1 2 |  2.4
Short Blades   | 3 |  3.0
Spellcasting   | 1 2 |  2.3
Ice Magic      | 1 |  1.8
Fighting       | |  2.5
Dodging        | |  2.4
Stealth        | |  6.0

Action                     |  1- 3 |  4- 6 || total
---------------------------+-------+-------++-------
  Melee: Whip              |    41 |       ||    41
         Short sword       |     1 |       ||     1
         Dagger            |     8 |   107 ||   115
         Punch             |       |     2 ||     2
   Fire: Sling             |     6 |       ||     6
   Cast: Freeze            |       |     3 ||     3
  Evoke: Wand              |       |     1 ||     1
    Use: Potion            |     1 |       ||     1
         Scroll            |       |    11 ||    11
   Stab: Sleeping          |    14 |    20 ||    34
         Distracted        |     1 |     1 ||     2
 Armour: Leather armour    |    22 |    37 ||    59
         Robe              |       |     3 ||     3
  Dodge: Dodged            |    29 |    40 ||    69

Table legend: (Time is in decaauts)
 A = Elapsed time spent in this place.
 B = Non-inter-level travel time spent in this place.
 C = Inter-level travel time spent in this place.
 D = Time resting spent in this place.
 E = Time spent auto-exploring this place.
 F = Levels seen in this place.
 G = Mean time per level.
                   A        B        C        D        E       F      G
               +--------+--------+--------+--------+--------+-----+--------+
         Total |   3293 |   3030 |    263 |    221 |   1932 |   7 |  470.4 |
       Dungeon |   3273 |   3027 |    246 |    221 |   1932 |   6 |  545.5 |
        Temple |     19 |      2 |     17 |      0 |      0 |   1 |   19.0 |
               +--------+--------+--------+--------+--------+-----+--------+

Top non-repeatable levels by time:
     D:3: 967 daAuts
     D:1: 900 daAuts
     D:4: 727 daAuts
     D:2: 635 daAuts
     D:5: 25 daAuts
  Temple: 19 daAuts
     D:6: 17 daAuts
